 Dungeon Crawl Stone Soup version 0.30-a0-954-gcf5f444c16 (webtiles) character file.

Game seed: 10557104200782405946

157387 Slimysquid the Warrior (level 17, -6/113 HPs)
             Began as a Gargoyle Fighter on Mar 28, 2023.
             Was a High Priest of Okawaru.
             Mangled by a redback (7 damage)
             ... on level 4 of the Spider Nest on Mar 29, 2023.
             The game lasted 03:56:19 (28079 turns).

Slimysquid the Warrior (Gargoyle Fighter)          Turns: 28079, Time: 03:56:19

Health: -6/113     AC: 22    Str: 24    XL:     17   Next: 39%
Magic:  13/22      EV: 20    Int: 20    God:    Okawaru [*****.]
Gold:   1210       SH:  8    Dex: 11    Spells: 12/16 levels left

rFire   . . .      SeeInvis .    I - +3 flail (protect)
rCold   + + .      Faith    .    c - +0 buckler
rNeg    + . .      Spirit   .    T - +1 scale mail "Atuedo" {Contam rC++ Regen+ Int+9}
rPois   ∞          Reflect  .    D - +1 helmet
rElec   +          Rampage  .    Y - +2 cloak {Will+}
rCorr   +                        (no gloves)
Will    ++...                    A - +2 pair of boots
Stlth   +                        m - amulet of the acrobat
HPRegen 1.18/turn                R - +5 ring of evasion
MPRegen 0.18/turn                a - ring of resist corrosion

@: heroic, corroded, on berserk cooldown, flying, very slightly contaminated,
slowed, very slow
A: sickness immunity, AC +12, big wings, negative energy resistance 1,
electricity resistance, torment resistance 1, petrification resistance
}: 1/15 runes: decaying
a: Renounce Religion, Heroism, Finesse, Duel


You were on level 4 of the Spider Nest.
You worshipped Okawaru.
Okawaru was extremely pleased with you.
You visited 6 branches of the dungeon, and saw 27 of its levels.
You also visited: Bailey.

You collected 2562 gold pieces.
You spent 1352 gold pieces at shops.

Inventory:

Hand Weapons
 I - a +3 flail of protection (weapon)
Missiles
 g - 5 javelins (quivered)
 l - 9 curare-tipped darts
 u - a datura-tipped dart
 x - 2 throwing nets
 H - 30 poisoned darts
 O - an atropa-tipped dart
 U - a silver javelin
Armour
 c - a +0 buckler (worn)
 A - a +2 pair of boots (worn)
 D - a +1 helmet (worn)
 Q - +0 gold dragon scales
 T - the +1 scale mail "Atuedo" (worn) {Contam rC++ Regen+ Int+9}
   (You found it on level 11 of the Dungeon)

   Int:       It affects your intelligence (+9).
   rC:        It greatly protects you from cold.
   Contam:    It causes magical contamination when unequipped.
   Regen:     It increases your rate of health regeneration.
 Y - a +2 cloak of willpower (worn)
Jewellery
 a - a ring of resist corrosion (right hand)
 m - an amulet of the acrobat (around neck)
 r - the ring "Jemot" {Ice Str+6}
   (You found it on level 1 of the Swamp)

   [ring of ice]

   It enhances your ice magic.
   Str:       It affects your strength (+6).
   rF:        It makes you vulnerable to fire.
   rC:        It protects you from cold.
 w - a ring of see invisible
 E - a ring of protection from cold
 G - a ring of fire
 R - a +5 ring of evasion (left hand)
 X - a +5 ring of evasion
Wands
 t - a wand of mindburst (9)
 z - a wand of digging (3)
 F - a wand of light (12)
 K - a wand of iceblast (16)
 N - a wand of flame (37)
 S - a wand of polymorph (12)
Scrolls
 e - a scroll of immolation
 f - 4 scrolls of fear
 h - a scroll of amnesia
 i - 6 scrolls of enchant weapon
 j - 8 scrolls of identify
 k - 3 scrolls of fog
 p - 2 scrolls of vulnerability
 s - 8 scrolls of enchant armour
 y - 7 scrolls of noise
 C - 8 scrolls of teleportation
 V - 3 scrolls of brand weapon
Potions
 d - 7 potions of might
 n - 18 potions of curing
 o - 9 potions of mutation
 q - 2 potions of attraction
 v - 5 potions of brilliance
 B - a potion of invisibility
 J - a potion of resistance
 L - 3 potions of lignification
 P - 4 potions of ambrosia
 W - a potion of cancellation
 Z - 5 potions of heal wounds
Miscellaneous
 M - a phial of floods


   Skills:
 - Level 15.0(20.0) Fighting
 - Level 14.0(19.0) Maces & Flails
 - Level 8.0(13.0) Throwing
 + Level 10.7(15.7) Armour
 - Level 9.0(14.0) Dodging
 - Level 11.0(16.0) Shields
 - Level 7.0 Hexes
 + Level 11.0 Necromancy
 - Level 7.0 Invocations


You had 12 spell levels left.
You knew the following spells:

 Your Spells              Type           Power      Damage    Failure   Level
a - Slow                  Hex            100%       N/A       2%          1
b - Vampiric Draining     Necr           44%        2d9       1%          3

Your spell library contained the following spells:

 Spells                   Type           Power      Damage    Failure   Level
 Kiss of Death            Conj/Necr      88%        2d12      4%          1
 Dispel Undead            Necr           44%        3d17      4%          4
 Confusing Touch          Hex            28%        N/A       7%          3
 Ensorcelled Hibernation  Hex/Ice        28%        N/A       14%         2
 Magic Dart               Conj           0%         1d3       38%         1
 Passwall                 Tmut/Erth      0%         N/A       52%         2
 Poisonous Vapours        Pois/Air       0%         N/A       52%         2
 Searing Ray              Conj           0%         2d4       52%         2
 Static Discharge         Conj/Air       0%         2-2/arc   52%         2
 Fulminant Prism          Conj/Hex       7%         3d6       67%         4
 Borgnjor's Vile Clutch   Necr/Erth      11%        N/A       75%         5
 Frozen Ramparts          Ice            0%         1d1       77%         3
 Gell's Gravitas          Tloc           0%         N/A       77%         3
 Ignite Poison            Fire/Tmut/Pois 0%         N/A       77%         3
 Kindle Blastsparks       Fire/Tloc/Air  0%         2d10      77%         3
 Mephitic Cloud           Conj/Pois/Air  0%         N/A       77%         3
 Stone Arrow              Conj/Erth      0%         3d7       77%         3
 Swiftness                Air            0%         N/A       77%         3
 Teleport Other           Tloc           0%         N/A       77%         3
 Vhi's Electric Charge    Tloc/Air       0%         N/A       77%         3
 Ice Form                 Ice/Tmut       0%         N/A       99%         4
 Alistair's Intoxication  Tmut/Pois      0%         N/A       100%        5
 Arcjolt                  Conj/Air       0%         1d10      100%        5
 Freezing Cloud           Conj/Ice/Air   0%         6-21      100%        5
 Plasma Beam              Fire/Air       0%         2x1d7     100%        5
 Dispersal                Tloc           0%         N/A       100%        6
 Eringya's Noxious Bog    Tmut/Pois      0%         N/A       100%        6
 Lehudib's Crystal Spear  Conj/Erth      0%         10d2      100%        8
 Animate Dead             Necr           Unusable   N/A       N/A         4
 Cigotuvi's Dreadful Rot  Necr/Pois/Air  Unusable   N/A       N/A         2
 Death Channel            Necr           Unusable   N/A       N/A         6
 Animate Armour           Summ/Erth      Unusable   N/A       N/A         4
 Summon Ice Beast         Ice/Summ       Unusable   N/A       N/A         4

Dungeon Overview and Level Annotations

Branches:
Dungeon (11/15)            Temple (1/1) D:7            Lair (5/5) D:8
  Swamp (4/4) Lair:2       Spider (4/4) Lair:2        Slime (0/5) Lair:4
    Orc (2/2) D:10            Elf (0/3) Orc:2        Bailey (visited)

Altars:
Ashenzari
Cheibriados
Dithmenos
Elyvilon
Fedhas
Gozag
Hepliaklqana
Kikubaaqudgha
Makhleb
Nemelex Xobeh
Okawaru
Qazlal
Ru
Sif Muna
Trog
Uskayaw
Vehumet
Wu Jian
Xom
Yredelemnul
Zin
The Shining One
Jiyva

Shops:
D:2 !=:   Orc:2 **?[*(

Annotations:
D:3 Grinder
D:11 2 exclusions


Innate Abilities, Weirdness & Mutations

You are immune to sickness and miasma.
Your stone body is resilient. (AC +12)
You are immune to poison.
Your large and strong wings let you fly.
You resist negative energy. (rN+)
You are resistant to electric shocks. (rElec)
You are resistant to unholy torment.
You are immune to petrification.


Message History

You feel much better. The redback misses you. The redback closely misses you.
The redback bites you but does no damage. x2
The redback closely misses you. The redback bites you.
You block the redback's attack.
Casting: Slow (safe; 2% risk of failure)
Confirm with . or Enter, or press ? or * to list all spells.
Aiming: Vampiric Draining (safe; 1% risk of failure)
Press: ? - help, Shift-Dir - straight line, f - redback
Aim: a redback (moderately wounded, berserk)
You draw life force from the redback!
You feel life coursing into your body.
The redback bites you but does no damage.
The redback completely misses you. The redback closely misses you.
The redback bites you! The redback bites you!! The redback misses you. x2
Casting: Vampiric Draining (safe; 1% risk of failure)
Confirm with . or Enter, or press ? or * to list all spells.
Aiming: Vampiric Draining (safe; 1% risk of failure)
Press: ? - help, Shift-Dir - straight line, f/p - redback
Aim: a redback (heavily wounded, berserk)
You draw life force from the redback!
You feel life coursing into your body! The redback bites you!
The redback closely misses you. The redback misses you. The redback bites you!
* * * LOW HITPOINT WARNING * * *
The redback bites you.
* * * LOW HITPOINT WARNING * * *
The redback bites you!
* * * LOW HITPOINT WARNING * * *
The redback barely misses you.
Okay, then.
Casting: Vampiric Draining (safe; 1% risk of failure)
Confirm with . or Enter, or press ? or * to list all spells.
Aiming: Vampiric Draining (safe; 1% risk of failure)
Press: ? - help, Shift-Dir - straight line, f/p - redback
Aim: a redback (almost dead, berserk)
You miscast Vampiric Draining.
You are very lightly contaminated with residual magic.
Nothing appears to happen.
The redback is no longer berserk.
You block the redback's attack. The redback bites you!!
* * * LOW HITPOINT WARNING * * *
The redback closely misses you. The redback bites you!
You die...

##..^#......
^...^#.....#
.........#.
^^......#
......^
##....##
#......####
##..s.†^#..#
#...#@†...<#
###.†s^..^^#
#....######
###...
#....#
##...# #....
..... ...^#.


You could see 2 redbacks.

Vanquished Creatures
  A tentacled monstrosity (Swamp:1)
  A thorn hunter (Swamp:1)
  An azure jelly (Lair:5)
  A ghost moth (Spider:1)
  2 eleionomae (Swamp:2)
  3 bunyips
  4 entropy weavers
  2 shambling mangroves (Swamp:3)
  2 ghost crabs
  20 hydras
  3 two-headed ogres
  5 boulder beetles
  11 death yaks
  10 alligators
  Urug (Lair:4)
  3 skysharks
  3 goliath frogs
  2 pharaoh ants
  5 spriggan druids
  10 swamp dragons
  3 orb spiders (Spider:3)
  11 bog bodies
  An orc sorcerer (Orc:1)
  A necromancer (Lair:3)
  5 steelbarb worms
  6 orc knights (Orc:1)
  9 wolf spiders
  A manticore (D:11)
  3 will-o-the-wisps
  Maurice (Orc:2)
  20 elephants
  5 black mambas
  3 demonic crawlers
  21 cane toads
  Maggie (D:10)
  6 torpor snails
  3 rime drakes
  4 komodo dragons
  2 trolls
  A bloated husk (Swamp:2)
  A polar bear (Lair:2)
  2 meliai (Spider:4)
  7 tyrant leeches
  Prince Ribbit (D:6)
  15 hornets
  6 tarantellas
  31 blink frogs
  14 jumping spiders
  6 dream sheep (Lair:3)
  4 slime creatures (Lair:5)
  10 culicivoras
  13 spriggans
  2 basilisks (Lair:3)
  Eustachio (D:6)
  3 wyverns
  30 yaks
  27 redbacks
  5 vampire mosquitoes (Lair:5)
  A steam dragon (D:9)
  3 wargs
  8 swamp worms
  An acid dragon (D:11)
  Duvessa (D:6)
  4 water moccasins
  10 swamp drakes
  38 orc warriors
  5 ice beasts
  A sky beast (D:7)
  3 black bears
  2 ogres
  16 centaurs
  42 wolves
  2 kobold brigands (D:8)
  26 bullfrogs
  Blork the orc (D:4)
  2 scorpions
  10 gnoll sergeants (Bailey)
  Dowan (D:6)
  22 killer bees
  5 howler monkeys
  An electric eel (Lair:1)
  7 jellies
  8 gnoll boudas
  6 hounds
  14 orc priests
  Natasha (thrice) (D:3)
  An iguana (D:5)
  10 orc wizards
  4 wolf simulacra (Lair:3)
  3 yak simulacra (Lair:3)
  A polar bear simulacrum (Lair:3)
  Robin (D:2)
  16 gnolls
  7 adders
  A white imp (D:6)
  3 ufetubi
  2 worms (D:2)
  2 dart slugs
  80 orcs
  5 endoplasms
  5 giant cockroaches
  13 goblins
  9 hobgoblins
  14 kobolds
  9 quokkas
  5 ball pythons
  5 bats
  2 frilled lizards (D:1)
  6 rats
  3 river rat simulacra (Lair:3)
825 creatures vanquished.

Vanquished Creatures (others)
  3 bloated husks
  A centaur simulacrum (D:11)
  A redback (Spider:3)
  An orc wizard (Orc:1)
  An endoplasm (D:3)
  A kobold (D:3)
  15 foxfires
  45 fungi
  89 plants
157 creatures vanquished.

Grand Total: 982 creatures vanquished

Notes
Turn   | Place    | Note
-------+----------+-------------------------------------------
     0 | D:1      | Slimysquid the Gargoyle Fighter began the quest for the
                  | Orb.
     0 | D:1      | Reached XP level 1. HP: 14/14 MP: 1/1
   234 | D:1      | Reached XP level 2. HP: 19/19 MP: 2/2
   743 | D:2      | Reached XP level 3. HP: 24/24 MP: 3/3
   756 | D:2      | Reached skill level 4 in Fighting
   801 | D:2      | Found Dekha's Distillery.
   822 | D:2      | Bought a potion of heal wounds for 50 gold pieces
   850 | D:2      | Found Caoxebo's Jewellery Shoppe.
  1230 | D:2      | Reached XP level 4. HP: 30/30 MP: 4/4
  1440 | D:2      | Found Feank's Book Boutique.
  1476 | D:3      | Noticed Natasha
  1591 | D:3      | Killed Natasha
  1710 | D:3      | Noticed Natasha
  1719 | D:3      | Killed Natasha
  1720 | D:3      | Reached skill level 5 in Fighting
  1720 | D:3      | Reached XP level 5. HP: 25/35 MP: 5/5
  1927 | D:3      | Noticed Grinder
  1936 | D:3      | Noticed Robin
  2001 | D:4      | Noticed Blork the orc
  2020 | D:4      | Killed Blork the orc
  2021 | D:4      | Reached XP level 6. HP: 18/40 MP: 6/6
  2725 | D:5      | Entered Level 5 of the Dungeon
  2780 | D:5      | Reached skill level 6 in Fighting
  2835 | D:5      | Noticed an ice beast
  2923 | D:5      | Reached skill level 5 in Maces & Flails
  2986 | D:5      | Reached XP level 7. HP: 40/47 MP: 7/7
  3267 | D:5      | Found a glowing golden altar of the Shining One.
  3385 | D:5      | Reached skill level 7 in Fighting
  3595 | D:5      | Reached XP level 8. HP: 53/53 MP: 8/8
  4156 | D:3      | Found an ancient bone altar of Kikubaaqudgha.
  4159 | D:3      | Noticed Natasha
  4194 | D:3      | Found a burning altar of Makhleb.
  4296 | D:2      | Killed Robin
  4419 | D:3      | Found a faded altar of an unknown god.
  4672 | D:3      | Killed Natasha
  4774 | D:6      | Found a basalt altar of Yredelemnul.
  4805 | D:6      | Reached skill level 8 in Fighting
  4807 | D:6      | Found a stormy altar of Qazlal.
  4960 | D:6      | Noticed Duvessa
  4965 | D:6      | Noticed Dowan
  5023 | D:6      | Killed Duvessa
  5029 | D:6      | Killed Dowan
  5245 | D:6      | Noticed Prince Ribbit
  5266 | D:6      | Killed Prince Ribbit
  5267 | D:6      | Reached skill level 9 in Fighting
  5267 | D:6      | Reached XP level 9. HP: 41/60 MP: 9/9
  5381 | D:6      | Noticed Eustachio
  5424 | D:6      | Killed Eustachio
  5904 | D:7      | Found a staircase to the Ecumenical Temple.
  5913 | Temple   | Entered the Ecumenical Temple
  5976 | Temple   | Became a worshipper of Warmaster Okawaru
  6107 | D:7      | Reached skill level 1 in Throwing
  6123 | D:7      | Identified the +7 sling of Veucweom {flame, Int+5}
  6291 | D:7      | Reached * piety under Okawaru
  6625 | D:8      | Reached skill level 10 in Fighting
  6741 | D:8      | Found a flagged portal.
  6750 | Bailey   | Entered a bailey
  7141 | Bailey   | Reached XP level 10. HP: 30/68 MP: 10/10
  7153 | Bailey   | Reached ** piety under Okawaru
  7160 | Bailey   | Reached skill level 5 in Throwing
  7406 | Bailey   | Identified the +5 scale mail of the Big Bang {rN+ Str-3
                  | Dex+2}
  7456 | Bailey   | Reached skill level 11 in Fighting
  7709 | D:8      | Reached skill level 10 in Maces & Flails
  8024 | D:8      | Noticed a death yak
  8028 | D:8      | Noticed a death yak
  8057 | D:8      | Noticed a death yak
  8063 | D:8      | Killed a death yak
  8079 | D:8      | Killed a death yak
  8079 | D:8      | Reached *** piety under Okawaru
  8098 | D:8      | Killed a death yak
  8098 | D:8      | Received a gift from Okawaru
  8099 | D:8      | Reached skill level 12 in Fighting
  8294 | D:8      | Found a staircase to the Lair.
  8730 | D:9      | Reached XP level 11. HP: 76/76 MP: 11/11
  8913 | D:2      | Bought a potion of might for 40 gold pieces
  8913 | D:2      | Bought a potion of ambrosia for 80 gold pieces
  8913 | D:2      | Bought a potion of mutation for 80 gold pieces
  8913 | D:2      | Bought a potion of might for 40 gold pieces
  8913 | D:2      | Bought a potion of mutation for 80 gold pieces
  8913 | D:2      | Bought a potion of haste for 100 gold pieces
  8913 | D:2      | Bought a potion of invisibility for 80 gold pieces
  8913 | D:2      | Bought a potion of degeneration for 10 gold pieces
  8918 | D:2      | Reached XP level 12. HP: 82/82 MP: 12/12
  9121 | D:9      | Identified the +10 short sword "Viutil" {freeze, rPois}
  9692 | D:10     | Entered Level 10 of the Dungeon
  9860 | D:10     | Noticed Maggie
  9872 | D:10     | Killed Maggie
  9925 | D:10     | Noticed a two-headed ogre
  9946 | D:10     | Killed a two-headed ogre
  9946 | D:10     | Reached **** piety under Okawaru
 10137 | D:10     | Found a staircase to the Orcish Mines.
 10177 | D:10     | Found a radiant altar of Vehumet.
 10583 | D:10     | Received a gift from Okawaru
 10823 | D:11     | Noticed a two-headed ogre
 10836 | D:11     | Killed a two-headed ogre
 10862 | D:11     | Reached skill level 13 in Fighting
 10917 | D:11     | Identified the +8 falchion "Uhuffeze" {protect, MP+9}
 11019 | D:11     | Noticed a boulder beetle
 11038 | D:11     | Killed a boulder beetle
 11039 | D:11     | Reached skill level 5 in Armour
 11061 | D:11     | Identified the +1 scale mail "Atuedo" {Contam rC++ Regen+
                  | Int+9}
 11139 | D:11     | Noticed a deep elf knight
 11139 | D:11     | Noticed a five-headed hydra
 11139 | D:11     | Noticed a tengu warrior
 11139 | D:11     | Noticed a deep elf knight
 11332 | Lair:1   | Entered Level 1 of the Lair of Beasts
 11640 | Lair:1   | Reached ***** piety under Okawaru
 12166 | Lair:2   | Reached skill level 1 in Hexes
 12279 | Lair:2   | Noticed a seven-headed hydra
 12312 | Lair:1   | Killed a seven-headed hydra
 12421 | Lair:2   | Learned a level 1 spell: Slow
 12459 | Lair:2   | Reached XP level 13. HP: 82/88 MP: 13/13
 12639 | Lair:2   | Received a gift from Okawaru
 12661 | Lair:2   | Reached skill level 5 in Hexes
 12787 | Lair:2   | Found a staircase to the Swamp.
 12793 | Lair:2   | Received a gift from Okawaru
 13048 | Lair:2   | Reached ****** piety under Okawaru
 13064 | Lair:2   | Received a gift from Okawaru
 13210 | Lair:2   | Found a hole to the Spider Nest.
 13636 | Lair:3   | Reached skill level 1 in Invocations
 13804 | Lair:2   | Identified the +2 scimitar "Liosov" {pain, rPois MP+9
                  | Int+2} (Okawaru gifted it to you on level 2 of the Lair of
                  | Beasts)
 13804 | Lair:2   | Received a gift from Okawaru
 14183 | Lair:3   | Gained mutation: Your large and strong wings let you fly.
                  | [Gargoyle growth]
 14183 | Lair:3   | Reached XP level 14. HP: 95/95 MP: 17/17
 14187 | Lair:3   | Reached skill level 14 in Fighting
 14194 | Lair:3   | Reached skill level 5 in Invocations
 14201 | Lair:3   | Identified the +0 falchion of Disintegration {flame, +Blink
                  | rElec Will+}
 14393 | Lair:3   | Received a gift from Okawaru
 15172 | Lair:4   | Noticed Urug
 15207 | Lair:4   | Killed Urug
 15501 | Lair:4   | Reached skill level 15 in Fighting
 15753 | Lair:4   | Found a viscous altar of Jiyva.
 15753 | Lair:4   | Found a staircase to the Slime Pits.
 16069 | Lair:5   | Entered Level 5 of the Lair of Beasts
 16262 | Lair:5   | Received a gift from Okawaru
 16825 | Lair:5   | Reached skill level 1 in Necromancy
 16846 | Lair:5   | Reached XP level 15. HP: 103/103 MP: 20/20
 17014 | Lair:5   | Reached skill level 5 in Shields
 17075 | Lair:5   | Noticed an azure jelly
 17093 | Lair:5   | Killed an azure jelly
 17855 | D:2      | Bought a +5 ring of evasion for 396 gold pieces
 18019 | Orc:1    | Entered Level 1 of the Orcish Mines
 18333 | Orc:1    | Learned a level 3 spell: Vampiric Draining
 18639 | Orc:2    | Entered Level 2 of the Orcish Mines
 18788 | Orc:1    | Identified the scarf "Selakhes" {harm, +Blink rF- rC++
                  | rCorr} (Okawaru gifted it to you on level 1 of the Orcish
                  | Mines)
 18788 | Orc:1    | Received a gift from Okawaru
 18994 | Orc:2    | Found a staircase to the Elven Halls.
 19308 | Orc:2    | Noticed Maurice
 19322 | Orc:2    | Killed Maurice
 19696 | Orc:2    | Reached skill level 5 in Necromancy
 19918 | Orc:2    | Found Sial's General Store.
 19922 | Orc:2    | Found Panurif's Specific Store.
 20000 | Orc:2    | Found Obecud's General Store.
 20000 | Orc:2    | Found Xuhuf's Armour Emporium.
 20000 | Orc:2    | Found Gerchis's Magic Scroll Shoppe.
 20003 | Orc:2    | Found Vexu's Antique Weapon Boutique.
 20091 | Orc:2    | Upgraded the game from 0.30-a0-950-gbf40cfac39 to
                  | 0.30-a0-954-gcf5f444c16
 20295 | D:2      | Bought a +5 ring of evasion for 396 gold pieces
 20433 | Swamp:1  | Entered Level 1 of the Swamp
 20936 | Swamp:1  | Noticed a thorn hunter
 20955 | Swamp:1  | Killed a thorn hunter
 20955 | Swamp:1  | Identified the +0 scale mail "Wesaluy" {Regen+ SInv}
                  | (Okawaru gifted it to you on level 1 of the Swamp)
 20955 | Swamp:1  | Received a gift from Okawaru
 21286 | Swamp:1  | Noticed a tentacled monstrosity
 21325 | Swamp:1  | Killed a tentacled monstrosity
 21348 | Swamp:1  | Identified the ring "Jemot" {Ice Str+6}
 21993 | Swamp:2  | Reached XP level 16. HP: 108/108 MP: 21/21
 23005 | Swamp:3  | Identified the +3 glaive of Sloth {venom, rC+ MP+9 Str+5}
 23528 | Swamp:3  | Received a gift from Okawaru
 23704 | Swamp:4  | Entered Level 4 of the Swamp
 24161 | Swamp:4  | Identified the +0 cloak of Refuge {Str+4} (Okawaru gifted
                  | it to you on level 4 of the Swamp)
 24161 | Swamp:4  | Received a gift from Okawaru
 24187 | Swamp:4  | Reached skill level 10 in Shields
 24739 | Swamp:4  | Identified the +7 plate armour of Dogmatism {rCorr Str+2}
 24825 | Swamp:4  | Got a decaying rune of Zot
 25016 | Spider:1 | Entered Level 1 of the Spider Nest
 25293 | Spider:1 | Reached skill level 10 in Necromancy
 25779 | Spider:1 | Reached XP level 17. HP: 106/113 MP: 22/22
 26699 | Spider:2 | Received a gift from Okawaru
 26843 | Spider:2 | You are sucked into a shaft and drop 1 floor!
 26958 | Spider:4 | Entered Level 4 of the Spider Nest
 27147 | Spider:4 | Reached skill level 10 in Armour
 28079 | Spider:4 | HP: 1/113 [redback (19)]
 28079 | Spider:4 | Mangled by a redback

Illustrated notes

Levels and vault maps discovered:
D:1:      sevenhm_arrival_forest_fort_large_4, layout_basic,
          kennysheep_nondescript, serial_park_tiny_2
D:2:      layout_basic, serial_shops, nicolae_shop_waterfront,
          nicolae_shop_stone, nicolae_diamond_shop
D:3:      layout_rooms, lemuel_crystal_altar, mainiacjoe_overflow_brackets,
          shapermc_ecumenical_altar_notcrosses, uniq_grinder, uniq_natasha,
          uniq_robin
D:4:      layout_basic, uniq_blork_the_orc
D:5:      layout_layer_cave, lemuel_round_altar, chequers_serial_rivers_marsh,
          eino_curves_02, minmay_misc_feat_hallway
D:6:      layout_basic, mainiacjoe_overflow_catwalk_spiral,
          roderic_roman_lattice, kennysheep_small_spiral, interstate_on_off,
          uniq_prince_ribbit1, uniq_duvessa, uniq_eustachio
D:7:      layout_cave_pools, minmay_temple_entry_antechambers
D:8:      layout_cave_pods, dpeg_lair_monsters, nicolae_ossuary_entry_monument,
          enter_bailey_2
D:9:      layout_roguey [special_room_orc], nicolae_figureground_sparkle
D:10:     layout_loops_ring, mainiacjoe_overflow_tiny_flanked,
          minmay_orc_entry_temple_small, uniq_maggie
D:11:     layout_long_grid, roderic_lattice_a, nicolae_rejected_hall
Temple:   nicolae_temple_superstar
Lair:1:   layout_loops_ring, serial_bayou_shore_a, infiniplex_staircase_pool_2
Lair:2:   layout_concentric_octagons, palyth_hydra_swamp_entry,
          nicolae_spider_entry_lesser_pyramids, grunt_forest_large_clearings
Lair:3:   layout_concentric_octagons, eino_house_with_fridge, grunt_megastairs_5
Lair:4:   layout_hall_layers, dpeg_slime_entry_enclosed, uniq_urug
Lair:5:   minmay_lair_end_frog_pond, layout_big_grid,
          nicolae_lair_time_for_slime
Swamp:1:  cheibrodos_swamp_monstrosity, layout_basic_swamp,
          evilmike_swamp_ruin_house_3, infiniplex_staircase_pool
Swamp:2:  layout_falls_marsh, nicolae_swamp_decorative_isthmus,
          nicolae_swamp_trees_clearing
Swamp:3:  layout_falls_marsh, hangedman_swamp_ruin_wall, swamp_pool4
Swamp:4:  grunt_swamp_rune_castle, layout_basic_swamp
Spider:1: layout_cave_pods, hangedman_spider_tarantella_strand
Spider:2: layout_spider_delve, uniq_arachne
Spider:3: layout_spider_delve, nicolae_spider_nook, uniq_nikola
Spider:4: spider_rune_water
Orc:1:    layout_diamond_mine, lightli_orcish_oven
Orc:2:    st_orc_rangers, layout_caves, nicolae_specific_store, uniq_maurice

Skill      XL: |  1  2  3  4  5  6  7  8  9 10 11 12 13 14 15 16 17 |
---------------+----------------------------------------------------+-----
Fighting       | 4 5 6 7 9 10 12 13 15 | 15.0
Maces & Flails | 3 4 5 6 8 9 11 12 14 | 14.0
Throwing       | 4 5 8 |  8.0
Dodging        | 7 8 9 |  9.0
Armour         | 6 8 10 | 10.7
Hexes          | 3 7 |  7.0
Invocations    | 4 7 |  7.0
Necromancy     | 1 7 10 11 | 11.0
Shields        | 4 7 11 | 11.0

Action                     |  1- 3 |  4- 6 |  7- 9 | 10-12 | 13-15 | 16-18 || total
---------------------------+-------+-------+-------+-------+-------+-------++-------
  Melee: Flail             |    83 |   132 |   442 |   540 |  1904 |  1585 ||  4686
  Throw: Stone             |     3 |    19 |    20 |    10 |    88 |       ||   140
         Boomerang         |       |     2 |     3 |    69 |   153 |    89 ||   316
         Dart              |       |       |    18 |    16 |    11 |       ||    45
         Throwing net      |       |       |     1 |     3 |       |       ||     4
         Javelin           |       |       |       |       |     3 |       ||     3
   Cast: Slow              |       |       |       |     1 |    38 |    46 ||    85
         Vampiric Draining |       |       |       |       |    12 |    14 ||    26
 Invoke: Heroism           |       |       |       |     6 |    20 |     6 ||    32
         Finesse           |       |       |       |       |     1 |     2 ||     3
  Evoke: Wand              |       |       |     1 |       |       |       ||     1
    Use: Potion            |       |     1 |       |     2 |     4 |     3 ||    10
         Scroll            |       |       |     9 |     8 |     4 |     3 ||    24
   Stab: Held in net/web   |       |       |     4 |       |       |       ||     4
         Invisible         |       |       |     1 |       |       |       ||     1
         Confused          |       |       |       |       |       |     1 ||     1
 Armour: Scale mail        |    12 |       |   120 |   296 |   951 |   830 ||  2209
         Chain mail        |    27 |    96 |   136 |       |       |       ||   259
  Dodge: Dodged            |    20 |    52 |   183 |   369 |  1495 |  1810 ||  3929
  Block: Buckler           |    20 |    38 |   110 |   168 |   579 |   581 ||  1496

Table legend: (Time is in decaauts)
 A = Elapsed time spent in this place.
 B = Non-inter-level travel time spent in this place.
 C = Inter-level travel time spent in this place.
 D = Time resting spent in this place.
 E = Time spent auto-exploring this place.
 F = Levels seen in this place.
 G = Mean time per level.
                   A        B        C        D        E       F      G
               +--------+--------+--------+--------+--------+-----+--------+
         Total |  27290 |  25080 |   2210 |   2973 |  13784 |  28 |  974.6 |
       Dungeon |  11061 |   9499 |   1562 |    612 |   6212 |  11 | 1005.5 |
        Temple |    109 |     88 |     21 |      0 |     63 |   1 |  109.0 |
          Lair |   6479 |   6098 |    381 |    387 |   3646 |   5 | 1295.8 |
         Swamp |   3986 |   3835 |    151 |    574 |   1931 |   4 |  996.5 |
   Spider Nest |   2849 |   2801 |     48 |    577 |   1064 |   4 |  712.2 |
  Orcish Mines |   1934 |   1888 |     46 |    525 |    765 |   2 |  967.0 |
        Bailey |    869 |    869 |      0 |    296 |    102 |   1 |  869.0 |
               +--------+--------+--------+--------+--------+-----+--------+

Top non-repeatable levels by time:
  Lair:2: 1713 daAuts
Spider:1: 1534 daAuts
  Lair:5: 1493 daAuts
     D:8: 1477 daAuts
     D:5: 1448 daAuts
    D:10: 1241 daAuts
     D:6: 1226 daAuts
  Lair:4: 1198 daAuts
   Orc:1: 1187 daAuts
  Lair:3: 1149 daAuts
 Swamp:3: 1066 daAuts
     D:3: 1042 daAuts
     D:2: 1009 daAuts
 Swamp:2: 1007 daAuts
 Swamp:1: 1000 daAuts
